 Dungeon Crawl Stone Soup version 0.22-a0-430-g6609fc65db (webtiles) character file.

696 Manul the Slasher (level 7, -5/54 HPs)
             Began as a Demonspawn Gladiator on May 26, 2018.
             Was an Initiate of Gozag.
             Slain by an orc warrior
             ... wielding a +0 halberd
              (27 damage)
             ... on level 5 of the Dungeon.
             The game lasted 00:04:21 (5618 turns).

Manul the Slasher (Demonspawn Gladiator)            Turns: 5618, Time: 00:04:22

Health: -5/54      AC:  4    Str: 14    XL:     7   Next: 37%
Magic:  7/7        EV: 14    Int: 14    God:    Gozag
Gold:   216        SH:  0    Dex: 16    Spells: 6/6 levels left

rFire    . . .     SeeInvis .   a - +0 long sword
rCold    . . .     Gourm    .   (no shield)
rNeg     . . .     Faith    .   (no armour)
rPois    .         Spirit   .   c - +0 helmet
rElec    .         Reflect  .   (no cloak)
rCorr    .         Harm     .   (no gloves)
MR       .....                  t - +2 pair of boots
Stlth    +++.......             (no amulet)
HPRegen  0.18/turn              I - +4 ring of intelligence
MPRegen  0.10/turn              D - ring of stealth

@: gold aura
A: claws 1, hooves 1, demonic guardian 1
a: Potion Petition, Call Merchant, Bribe Branch, Renounce Religion


You were on level 5 of the Dungeon.
You worshipped Gozag.
Gozag was aware of your devotion.
You were not hungry.

You visited 1 branch of the dungeon, and saw 6 of its levels.

You collected 282 gold pieces.
You paid 66 gold pieces to Gozag.

Inventory:

Hand Weapons
 a - a +0 long sword (weapon)
 u - a +0 dagger of flaming
Missiles
 d - 3 throwing nets (quivered)
Armour
 b - a +0 leather armour
 c - a +0 helmet (worn)
 n - a +0 pair of boots
 o - a +0 ring mail
 t - a +2 pair of boots (worn)
Jewellery
 C - an uncursed ring of positive energy
 D - a ring of stealth (right claw)
 I - a +4 ring of intelligence (left claw)
Wands
 r - a wand of random effects (12)
 A - a wand of flame (29)
 H - a wand of digging (12)
Scrolls
 g - a scroll of immolation {unknown}
 h - 6 scrolls of teleportation {unknown}
 i - 7 scrolls of identify {unknown}
 m - a scroll of remove curse
 s - a scroll of amnesia {unknown}
 v - 2 scrolls of magic mapping {unknown}
 w - a scroll of fear {unknown}
 y - 2 scrolls of enchant armour {unknown}
 G - a scroll of noise {unknown}
Potions
 e - 2 potions of curing
 j - a potion of magic {unknown}
 k - a potion of cancellation {unknown}
 l - a potion of might
 p - a potion of heal wounds {unknown}
 q - a potion of haste {unknown}
 x - a potion of ambrosia {unknown}
 z - a potion of mutation {unknown}
 B - a potion of lignification {unknown}
 E - a potion of degeneration {unknown}
 F - a potion of flight {unknown}
Comestibles
 f - 8 rations


   Skills:
 + Level 4.1 Fighting
 + Level 6.0 Long Blades
 + Level 1.9 Throwing
 + Level 1.0 Armour
 + Level 3.9 Dodging
 + Level 2.1 Stealth


You had 6 spell levels left.
You didn't know any spells.
Your spell library was empty.

Dungeon Overview and Level Annotations

Branches:
Dungeon (6/15)
 Temple: D:4-7

Altars:
Gozag
Hepliaklqana
Nemelex Xobeh
Xom


Innate Abilities, Weirdness & Mutations

You have sharp fingernails.
You have large cloven feet.
A weak demonic guardian rushes to your aid.


Message History

Aiming: Throw Flame
Press: ? - help, Shift-Dir - straight line, f/p - orc warrior
Aim: an orc warrior, wielding a halberd and wearing a plate armour The puff of flame hits the orc warrior.
The orc warrior appears unharmed.
The orc warrior hits you from afar with a halberd.
Your iron imp completely misses the orc warrior.
You hear a shout!
Your iron imp barely misses the orc warrior.
There is an open door here.
Evoke which item? (* to show all) (? for menu, Esc to quit)
Aiming: Random Effects
Press: ? - help, Shift-Dir - straight line, f/p - orc warrior
Aim: an orc warrior, wielding a halberd and wearing a plate armour The fireball explodes!
The fireball engulfs the orc warrior.
The orc warrior is lightly wounded.
Your demonic guardian avoids your attack.
The orc warrior hits you from afar with a halberd!!
Ouch! That really hurt!
You die...
Your body crumbles into a pile of gold.

#.#####................######
####....###..............###....
##.......................###.....
#.....).....#########.....#......
#...........# ##....#....#.....
#...........# ###......#...#.....
.....[......###≈§.≈≈...#....#....
...............≈#'#≈....#....#...
............##..@5'.....##...#..#
.........<.####≈#'#≈....##....###
##....###### #§§o§≈...>.##....##
####### ###5$......###....#
###......# #..... # ##....##
##.... # ###### ##.... ##
###..... .# #.......


You could see an orc warrior and 2 friendly iron imps.

Vanquished Creatures
  Menkaure (D:4)
  Edmund (D:4)
  A phantom (D:5)
  A hound (D:4)
  2 orc priests
  An orc wizard (D:5)
  3 worker ants
  9 adders
  2 worms (D:2)
  4 dart slugs
  A leopard gecko (D:1)
  15 orcs
  6 bats
  5 giant cockroaches
  5 goblins
  6 hobgoblins
  13 jackals
  3 quokkas
  14 frilled lizards
  A jackal skeleton (D:4)
  7 kobolds
  A leopard gecko skeleton (D:5)
  6 rats
108 creatures vanquished.

Vanquished Creatures (collateral kills)
  An ogre (D:5)
  A jackal (D:4)
  A rat (D:3)
3 creatures vanquished.

Grand Total: 111 creatures vanquished

Notes
Turn   | Place    | Note
-------+----------+-------------------------------------------
     0 | D:1      | Manul the Demonspawn Gladiator began the quest for the Orb.
     0 | D:1      | Reached XP level 1. HP: 16/16 MP: 1/1
   183 | D:1      | Gained mutation: A weak demonic guardian rushes to your aid. [demonic ancestry]
   183 | D:1      | Reached XP level 2. HP: 14/22 MP: 2/2
   397 | D:1      | Reached skill level 3 in Long Blades
   628 | D:1      | Reached XP level 3. HP: 27/28 MP: 3/3
   750 | D:2      | HP: 1/28 [orc/flail (6)]
  1345 | D:2      | Gained mutation: You have sharp fingernails. [demonic ancestry]
  1345 | D:2      | Reached XP level 4. HP: 27/34 MP: 4/4
  1356 | D:2      | Found a hazy altar of Hepliaklqana.
  1356 | D:2      | Found a sparkling altar of Nemelex Xobeh.
  2252 | D:3      | Reached skill level 1 in Armour
  2305 | D:3      | Reached skill level 4 in Long Blades
  2305 | D:3      | Gained mutation: You have large cloven feet. [demonic ancestry]
  2305 | D:3      | Reached XP level 5. HP: 33/40 MP: 5/5
  2849 | D:3      | Reached skill level 1 in Stealth
  3287 | D:4      | Noticed Menkaure
  3298 | D:4      | Killed Menkaure
  3298 | D:4      | Reached XP level 6. HP: 20/47 MP: 6/6
  3722 | D:4      | Noticed Edmund
  3737 | D:4      | Killed Edmund
  3737 | D:4      | Reached skill level 5 in Long Blades
  4276 | D:5      | Entered Level 5 of the Dungeon
  4330 | D:5      | Reached XP level 7. HP: 30/53 MP: 7/7
  4749 | D:5      | Found an opulent altar of Gozag.
  4791 | D:5      | Became a worshipper of Gozag Ym Sagoz the Greedy
  4912 | D:5      | Found a shimmering altar of Xom.
  5274 | D:5      | Reached skill level 6 in Long Blades
  5618 | D:5      | Slain by an orc warrior

Vault maps used:
D:1:      nicolae_arrival_memento_mori, minmay_lizard_king
D:2:      gammafunk_temple_overflow_wave
D:4:      first_ration, kennysheep_generic_room_14, uniq_menkaure, uniq_edmund
D:5:      kennysheep_mini_moat, xom_teletrap_fun
D:6:      minmay_temple_entry_nine_rooms

Skill      XL: |  1  2  3  4  5  6  7 |
---------------+----------------------+-----
Dodging        | 3 |  3.9
Long Blades    | 3 4 5 6 |  6.0
Armour         | 1 |  1.0
Fighting       | 3 4 |  4.1
Stealth        | 1 2 |  2.1
Throwing       | |  1.9

Action                   |  1- 3 |  4- 6 |  7- 9 || total
-------------------------+-------+-------+-------++-------
Melee: Long sword        |   112 |   176 |    49 ||   337
Evoke: Wand              |       |       |     3 ||     3
  Use: Potion            |     1 |     2 |     1 ||     4
       Scroll            |       |       |     1 ||     1
 Stab: Sleeping          |       |     4 |     2 ||     6
       Distracted        |       |     1 |       ||     1
  Eat: Chunk             |     2 |     9 |     2 ||    13
       Ration            |       |       |     1 ||     1
Armor: Leather armour    |    32 |       |       ||    32
       Skin              |       |    25 |    18 ||    43
Dodge: Dodged            |   112 |   122 |    49 ||   283
       Rpst.: Long sword |    35 |    47 |    12 ||    94

Table legend:
 A = Spawn XP
 B = Non-spawn XP
 C = Spawn XP percentage of total XP
 D = Spawn monster count
 E = Non-spawn monster count
 F = Spawn count percentage of total count
 G = Total turns spent on level
                    A         B        C        D         E        F      G
               +---------+---------+-------+---------+---------+-------+---------
         Total |       0 |     995 |   0.0 |       0 |     111 |   0.0 |  5618
               +---------+---------+-------+---------+---------+-------+---------
           D:1 |       0 |      49 |   0.0 |       0 |      32 |   0.0 |   705
           D:2 |       0 |      64 |   0.0 |       0 |      17 |   0.0 |  1163
           D:3 |       0 |     152 |   0.0 |       0 |      29 |   0.0 |  1373
           D:4 |       0 |     381 |   0.0 |       0 |      15 |   0.0 |  1035
           D:5 |       0 |     349 |   0.0 |       0 |      18 |   0.0 |  1338
               +---------+---------+-------+---------+---------+-------+---------
